Map: 汇龙岛 - 天梯版

Players

lostCrab - Winner!

  • Race: Zerg Zerg
  • League: Diamond
  • Spawn Location: 11:00

破晓黎明

  • Race: Zerg Zerg
  • League: Diamond
  • Spawn Location: 5:00

VOD

Have the link to the VOD?

Description

Time

  • Played on: March 16, 2018, 12:04 p.m.
  • Length: 9:21
Show
View Real Time Build Order
Export as new Build Order

lostCrab Zerg - Winner!

Build Orders: Pool First, Zergling Baneling 

Get SALT Encoding   

  12  0:02  Drone  
  13  0:23  Spawning Pool  
  13  0:26  Drone  
  13  0:30  Drone  
  14  0:40  Extractor  
  14  0:41  Overlord  
  13  1:10  Zergling x6  
  16  1:11  Queen  
  18  1:21  Zergling x2  
  19  1:27  Baneling Nest  
  18  1:34  Zergling x2  
  19  1:43  Zergling x2  
  20  1:58  Overlord  
  20  2:09  Zergling x2  
  20  2:15  Baneling x3  
  21  2:17  Zergling x2  
  22  2:26  Zergling x6  
  21  2:38  Zergling x2  
  20  2:49  Zergling x2  
  21  2:53  Baneling  
  21  2:54  Baneling x2  
  21  2:59  Zergling x2  
  21  3:04  Baneling x2  
  23  3:05  Zergling x2  
  23  3:14  Zergling x2  
  23  3:15  Zergling x4  
  22  3:27  Drone  
  22  3:31  Baneling  
  23  3:35  Drone  
  23  3:39  Baneling  
  24  3:44  Drone  
  24  3:45  Drone x2  
  27  3:55  Drone  
  22  4:18  Hatchery, Drone x3  
  24  4:34  Extractor  
  24  4:37  Roach Warren  
  22  4:39  Drone  
  22  4:40  Drone  
  24  4:46  Drone  
  24  4:52  Drone x3  
  28  5:01  Overlord  
  28  5:10  Lair  
  28  5:31  Drone x4  
  32  5:36  Queen  
  32  5:39  Drone  
  35  5:45  Drone x2  
  37  5:50  Evolution Chamber  
  37  5:53  Drone  
  37  5:58  Drone x2  
  37  6:02  Overlord  
  39  6:08  Glial Reconstitution  
  39  6:17  Overlord  
  39  6:18  Extractor  
  38  6:19  Zerg Missile Weapons Level 1  
  37  6:31  Drone x2  
  39  6:34  Drone x2  
  39  6:37  Drone x2  
  43  6:49  Roach  
  43  6:50  Roach x5  
  43  6:51  Roach  
  43  6:53  Roach  
  59  7:04  Overlord x2  
  59  7:20  Overlord  
  59  7:24  Roach x5  
  68  7:30  Roach  
  68  7:31  Roach  
  68  7:35  Roach  
  56  7:45  Roach x2  
  46  7:52  Roach  
Show
View Real Time Build Order
Export as new Build Order

破晓黎明 Zerg 

Build Orders: Hatch First 

Get SALT Encoding   

  12  0:01  Drone  
  13  0:10  Drone  
  14  0:20  Extractor  
  14  0:21  Drone  
  14  0:22  Overlord  
  15  0:48  Hatchery  
  14  0:50  Drone  
  14  0:55  Drone  
  16  1:00  Drone  
  17  1:13  Spawning Pool  
  17  1:16  Drone  
  17  1:19  Drone  
  18  1:26  Drone  
  19  1:34  Drone  
  20  1:45  Drone  
  21  1:55  Drone  
  22  2:01  Queen x2  
  26  2:17  Drone  
  26  2:18  Drone  
  28  2:30  Spine Crawler  
  23  2:42  Drone  
  23  2:43  Drone x4  
  27  2:58  Drone  
  27  3:04  Overlord  
  27  3:21  Queen  
  29  3:27  Drone  
  29  3:28  Drone x4  
  29  3:29  Drone x2  
  29  3:30  Overlord x2  
  36  3:34  Extractor  
  36  3:38  Evolution Chamber  
  36  3:40  Queen  
  36  3:47  Roach Warren  
  35  3:49  Extractor  
  35  3:51  Drone  
  35  3:52  Drone  
  35  3:53  Drone x2  
  29  4:12  Drone  
  29  4:13  Drone x3  
  32  4:18  Drone x2  
  34  4:31  Drone x5  
  39  4:41  Drone  
  40  4:50  Zerg Missile Weapons Level 1  
  40  4:51  Drone x5  
  45  5:01  Drone x2  
  45  5:04  Drone  
  48  5:16  Roach x2  
  52  5:23  Extractor  
  52  5:25  Overlord x2  
  52  5:26  Hatchery  
  50  5:33  Roach  
  50  5:34  Extractor  
  51  5:36  Overlord  
  51  5:37  Overlord  
  51  5:39  Drone  
  52  5:46  Drone x4  
  56  5:57  Roach  
  58  6:01  Roach  
  58  6:02  Roach x3  
  66  6:08  Lair  
  66  6:09  Roach x2  
  66  6:10  Roach x2  
  74  6:15  Roach  
  76  6:20  Roach  
  78  6:28  Roach  
  78  6:29  Roach  
  78  6:32  Roach  
  84  6:33  Overlord  
  84  6:34  Overlord  
  84  6:38  Roach x2  
  84  6:39  Roach  
  90  6:51  Overlord  
  90  6:52  Overlord  
  90  6:53  Roach  
  92  6:58  Queen  
  92  7:00  Roach x5  
  104  7:06  Roach  
  106  7:09  Glial Reconstitution  
  106  7:19  Roach  
  106  7:20  Roach x2  
  110  7:34  Roach  
  110  7:48  Roach  
  110  7:49  Roach x7  
  120  7:53  Roach x3  
  120  7:58  Roach  
  122  7:59  Overlord  
Tags
 
Add a new tag
Caveats
  • Supply blocks, unpowered buildings, or Contaminate may cause inaccurate times.
  • Supply counts are checked every 10 seconds.